 Dungeon Crawl Stone Soup version 0.30-a0-782-ge64f9170bb (webtiles) character file.

Game seed: 13594513730327897111

3060 Lavandula the Basher (level 10, 0/77 HPs)
             Began as a Human Monk on Feb 20, 2023.
             Was a Believer of Elyvilon.
             Slain by a killer bee (6 damage)
             ... on level 4 of the Dungeon.
             The game lasted 00:10:47 (4631 turns).

Lavandula the Basher (Human Monk)                   Turns: 4631, Time: 00:10:47

Health: 0/77       AC: 12    Str: 16    XL:     10   Next: 12%
Magic:  10/10      EV: 13    Int: 11    God:    Elyvilon [**....]
Gold:   221        SH:  5    Dex: 15    Spells: 9/9 levels left

rFire   . . .      SeeInvis .    z - +0 morningstar (distort)
rCold   . . .      Faith    .    (no shield)
rNeg    . . .      Spirit   .    x - +0 steam dragon scales
rPois   .          Reflect  +    m - +2 helmet
rElec   .          Harm     .    (no cloak)
rCorr   .          Rampage  .    (no gloves)
Will    .....                    (no boots)
Stlth   ++                       k - amulet of reflection
HPRegen 0.32/turn                B - +4 ring of protection
MPRegen 0.12/turn                (no ring)

@: lethally poisoned (0 -> -1)
A: no striking features
a: Renounce Religion, Purification, Heal Other


You were on level 4 of the Dungeon.
You worshipped Elyvilon.
Elyvilon was pleased with you.
You visited 1 branch of the dungeon, and saw 7 of its levels.

You collected 221 gold pieces.

Inventory:

Hand Weapons
 z - a +0 morningstar of distortion (weapon)
Missiles
 e - 6 poisoned darts (quivered)
Armour
 b - a +0 robe
 g - an orb of wrath
 m - a +2 helmet (worn)
 r - a +0 ring mail
 v - a +0 scale mail
 x - +0 steam dragon scales (worn)
Jewellery
 j - an amulet of magic regeneration
 k - an amulet of reflection (around neck)
 y - an amulet of faith
 B - a +4 ring of protection (left hand)
Wands
 l - a wand of flame (16)
 s - a wand of polymorph (2)
 A - a wand of roots (3)
Scrolls
 c - 2 scrolls of enchant weapon {unknown}
 d - a scroll of blinking {unknown}
 f - 2 scrolls of vulnerability
 h - 2 scrolls of teleportation {unknown}
 i - a scroll of magic mapping
 n - a scroll of enchant armour {unknown}
 o - a scroll of acquirement {unknown}
 q - 2 scrolls of identify {unknown}
 t - 2 scrolls of fog
 w - 2 scrolls of fear
Potions
 a - a potion of lignification {unknown}
 u - a potion of invisibility {unknown}


   Skills:
 - Level 6.6 Fighting
 - Level 3.7(5.6) Short Blades
 - Level 6.4(7.0) Long Blades
 + Level 9.8 Maces & Flails
 - Level 3.0 Dodging
 - Level 2.0 Stealth


You had 9 spell levels left.
You didn't know any spells.
Your spell library contained the following spells:

 Spells                   Type           Power      Damage    Failure   Level
 Magic Dart               Conj           0%         1d3       34%         1
 Call Imp                 Summ           0%         N/A       47%         2
 Ensorcelled Hibernation  Hex/Ice        0%         N/A       47%         2
 Passwall                 Tmut/Erth      0%         N/A       47%         2
 Hailstorm                Conj/Ice       0%         3d3       71%         3
 Mephitic Cloud           Conj/Pois/Air  0%         N/A       71%         3
 Stone Arrow              Conj/Erth      0%         3d7       71%         3
 Summon Guardian Golem    Hex/Summ       0%         N/A       71%         3
 Swiftness                Air            0%         N/A       71%         3
 Animate Armour           Summ/Erth      0%         N/A       98%         4
 Ice Form                 Ice/Tmut       0%         N/A       98%         4
 Simulacrum               Ice/Necr       0%         N/A       100%        6
 Orb of Destruction       Conj           0%         9d5       100%        7
 Spellforged Servitor     Conj/Summ      0%         N/A       100%        7
 Lehudib's Crystal Spear  Conj/Erth      0%         10d2      100%        8


Dungeon Overview and Level Annotations

Branches:
Dungeon (7/15)
 Temple: D:4-7

Altars:
Elyvilon
The Shining One

Annotations:
D:2 1 runed translucent door, Crazy Yiuf


Message History

You are lethally poisoned!
The killer bee poisons you!
The killer bee stings you but does no damage.
You miss the killer bee.
* * * LOW HITPOINT WARNING * * *
You feel very sick. The killer bee barely misses you.
The killer bee stings you but does no damage.
The killer bee closely misses you. x2
You are confused.
You feel invigorated.
You feel sick. The killer bee closely misses you.
The killer bee barely misses you. The killer bee completely misses you.
The killer bee closely misses you.
You feel very sick. The killer bee closely misses you.
The killer bee stings you but does no damage.
The killer bee barely misses you.
The killer bee attacks as you move away!
The killer bee stings you but does no damage.
You feel sick.
The killer bee stings you but does no damage.
The killer bee completely misses you.
You hit the killer bee.
Space warps around the killer bee.
The killer bee is heavily wounded.
You feel less invigorated.
You feel less confused.
You feel sick. The killer bee closely misses you. x2
The killer bee stings you but does no damage.
The killer bee stings you.
* * * LOW HITPOINT WARNING * * *
You feel sick.
You feel sick. The killer bee stings you!
* * * LOW HITPOINT WARNING * * *
You bludgeon the killer bee!!
You kill the killer bee!
You feel sick. The killer bee misses you.
You miss the killer bee.
The killer bee is heavily wounded.
You feel sick. The killer bee stings you.
You die...

#.## ... .#
###...######.# .#
...#........## .#
##.#.........# .#
.......>...#.##
.##
####..........#
..#
#.###..........##
..#
#......#y#......#
..#
###..@........#
..# ...
#...........# .##
...#
######..#####
.##....# ..#
........ ....
.###.... ..#.#
........ ...#
.....#. .####..


You could see a killer bee.

Vanquished Creatures
  Pikel (D:6)
  Sigmund (D:2)
  6 yaks (D:6)
  A wyvern (D:7)
  A steam dragon (D:6)
  Edmund (D:6)
  Duvessa (D:6)
  2 sky beasts (D:6)
  4 lemures (D:6)
  A necrophage (D:6)
  A bullfrog (D:6)
  A wyvern zombie (D:7)
  A scorpion (D:6)
  Dowan (D:6)
  3 killer bees
  A jelly (D:6)
  A hound (D:6)
  A gnoll bouda (D:6)
  Jessica (D:2)
  4 iguanas
  8 gnolls
  3 adders
  A white imp (D:6)
  A dart slug (D:4)
  8 orcs
  8 bats
  3 endoplasms
  3 giant cockroaches
  5 hobgoblins
  3 ball pythons
  3 frilled lizards
  4 goblins
  3 kobolds
  3 rats
90 creatures vanquished.

Notes
Turn   | Place    | Note
-------+----------+-------------------------------------------
     0 | D:1      | Lavandula the Human Monk began the quest for the Orb.
     0 | D:1      | Reached XP level 1. HP: 18/18 MP: 1/1
   135 | D:1      | Reached XP level 2. HP: 24/24 MP: 2/2
   282 | D:1      | Found a faded altar of an unknown god.
   474 | D:2      | Noticed Jessica
   480 | D:2      | Killed Jessica
   481 | D:2      | Reached XP level 3. HP: 14/29 MP: 3/3
   760 | D:2      | Noticed Sigmund
   812 | D:2      | Killed Sigmund
   813 | D:2      | Reached XP level 4. HP: 18/35 MP: 4/4
   813 | D:2      | Reached XP level 5. HP: 21/41 MP: 5/5
   813 | D:2      | Reached XP level 6. HP: 24/47 MP: 6/6
  1068 | D:2      | Found a runed translucent door.
  1069 | D:2      | Noticed Crazy Yiuf
  1519 | D:3      | Reached skill level 1 in Short Blades
  2537 | D:4      | Found a glowing golden altar of the Shining One.
  2544 | D:5      | Entered Level 5 of the Dungeon
  2655 | D:6      | Reached XP level 7. HP: 18/52 MP: 7/7
  2835 | D:6      | Noticed Duvessa
  2839 | D:6      | Noticed Dowan
  2849 | D:6      | Killed Duvessa
  2853 | D:6      | Killed Dowan
  2857 | D:6      | Noticed Edmund
  2878 | D:6      | Killed Edmund
  2879 | D:6      | Reached skill level 5 in Fighting
  2879 | D:6      | Reached XP level 8. HP: 31/62 MP: 8/8
  3065 | D:6      | Noticed Pikel
  3453 | D:6      | Killed Pikel
  3454 | D:6      | Reached skill level 4 in Maces & Flails
  3454 | D:6      | Reached XP level 9. HP: 54/71 MP: 9/9
  3637 | D:6      | Reached skill level 5 in Maces & Flails
  3746 | D:6      | Reached skill level 6 in Maces & Flails
  3779 | D:6      | Reached skill level 7 in Maces & Flails
  3815 | D:6      | Reached skill level 8 in Maces & Flails
  3971 | D:6      | You fall into a shaft and drop 1 floor!
  4093 | D:7      | Reached skill level 9 in Maces & Flails
  4093 | D:7      | Reached XP level 10. HP: 73/77 MP: 10/10
  4432 | D:6      | Noticed Maggie
  4437 | D:6      | Maggie changed into Maggie the sky beast
  4437 | D:6      | Noticed Maggie
  4457 | D:6      | Killed Maggie the sky beast
  4531 | D:6      | Found a white marble altar of Elyvilon.
  4548 | D:6      | Became a worshipper of Elyvilon the Healer
  4548 | D:6      | Reached * piety under Elyvilon
  4548 | D:6      | Reached ** piety under Elyvilon
  4631 | D:4      | Slain by a killer bee

Illustrated notes

Levels and vault maps discovered:
D:1:      amcnicky_arrival_feature_with_door, layout_rooms,
          hellmonk_ecumenical_altar_slurped_away
D:2:      layout_basic, uniq_jessica, uniq_sigmund, uniq_crazy_yiuf_cottage
D:3:      layout_basic, grunt_ministairs_3
D:4:      layout_basic, tso_altar, kennysheep_flooded_box, minmay_quantized
D:5:      layout_rooms, mainiacjoe_overflow_divided_tiny,
          lemuel_temple_firewalk_a
D:6:      layout_loops_ring, marbit_many_paths, corexii_leaking_fountain,
          uniq_maggie, uniq_duvessa, uniq_edmund, uniq_pikel
D:7:      layout_gridville, lemuel_mausoleum_altar_yredelemnul, eino_jars

Skill      XL: |  1  2  3  4  5  6  7  8  9 |
---------------+----------------------------+-----
Long Blades    | 4 6 |  6.4
Short Blades   | 3 |  3.7
Fighting       | 5 6 |  6.6
Maces & Flails | 4 9 |  9.8
Dodging        | |  3.0
Stealth        | |  2.0

Action                     |  1- 3 |  4- 6 |  7- 9 | 10-12 || total
---------------------------+-------+-------+-------+-------++-------
  Melee: Falchion          |    77 |    37 |       |       ||   114
         Dagger            |       |    66 |   110 |       ||   176
         Flail             |       |       |     7 |       ||     7
         Morningstar       |       |       |    54 |    58 ||   112
         Punch             |       |       |     1 |     2 ||     3
  Throw: Dart              |       |     4 |    13 |       ||    17
  Evoke: Wand              |       |       |     5 |     5 ||    10
    Use: Potion            |     4 |     1 |     1 |     2 ||     8
         Scroll            |       |     3 |     2 |       ||     5
   Stab: Sleeping          |     3 |     1 |       |       ||     4
         Fleeing           |       |       |     1 |       ||     1
 Armour: Robe              |    19 |     3 |       |       ||    22
         Ring mail         |       |    15 |       |       ||    15
         Scale mail        |       |     6 |    59 |    16 ||    81
         Steam dragon scal |       |       |       |    19 ||    19
  Dodge: Dodged            |    46 |    54 |    54 |    50 ||   204
  Block: Orb               |     3 |       |       |       ||     3
         Other             |     2 |    21 |    34 |     8 ||    65
         Reflection        |       |     1 |     1 |       ||     2

Table legend: (Time is in decaauts)
 A = Elapsed time spent in this place.
 B = Non-inter-level travel time spent in this place.
 C = Inter-level travel time spent in this place.
 D = Time resting spent in this place.
 E = Time spent auto-exploring this place.
 F = Levels seen in this place.
 G = Mean time per level.
                   A        B        C        D        E       F      G
               +--------+--------+--------+--------+--------+-----+--------+
         Total |   4599 |   4443 |    156 |    569 |   2608 |   7 |  657.0 |
       Dungeon |   4599 |   4443 |    156 |    569 |   2608 |   7 |  657.0 |
               +--------+--------+--------+--------+--------+-----+--------+

Top non-repeatable levels by time:
     D:6: 1751 daAuts
     D:3: 964 daAuts
     D:2: 881 daAuts
     D:1: 487 daAuts
     D:4: 213 daAuts
     D:7: 184 daAuts
     D:5: 117 daAuts
